 Dungeon Crawl Stone Soup version 0.24.0-123-gd5b16e6ec5 (webtiles) character file.

Game seed: 4182514377372814887, levelgen mode: deterministic

1241 Emblim88 the Ruffian (level 8, -6/74 HPs)
             Began as a Troll Transmuter on Jan 3, 2020.
             Was an Initiate of Gozag.
             Mangled by a gnoll sergeant
             ... wielding a +1 spear of freezing
              (7 damage)
             ... on level 6 of the Dungeon.
             The game lasted 00:06:54 (4002 turns).

Emblim88 the Ruffian (Troll Transmuter)             Turns: 4002, Time: 00:06:55

Health: -6/74      AC:  7    Str: 22 (24) XL:     8   Next: 25%
Magic:  0/10       EV: 11    Int: 12 (13) God:    Gozag
Gold:   132        SH:  0    Dex:  9 (10) Spells: 8/12 levels left

rFire    . . .     SeeInvis .     - Unarmed
rCold    . . .     Gourm    +   (no shield)
rNeg     . . .     Faith    .   b - +0 robe
rPois    .         Spirit   +   r - +1 hat
rElec    .         Reflect  .   (no cloak)
rCorr    .         Harm     .   (gloves unavailable)
MR       .....                  (boots unavailable)
Stlth    +.........             d - amulet of guardian spirit
HPRegen  0.62/turn              A - +2 ring of intelligence
MPRegen  0.12/turn              (no ring)

@: mighty, lethally poisoned (-6 -> -6), gold aura, flying
A: large, unfitting armour, claws 3, fast metabolism 3, gourmand, regeneration
1, shaggy fur 1, tough skin 3
a: Potion Petition, Call Merchant, Bribe Branch, Renounce Religion


You were on level 6 of the Dungeon.
You worshipped Gozag.
Gozag was aware of your devotion.
You were hungry.

You visited 1 branch of the dungeon, and saw 6 of its levels.

You collected 823 gold pieces.
You spent 660 gold pieces at shops.
You paid 31 gold pieces to Gozag.

Inventory:

Missiles
 a - 131 arrows
Armour
 b - a +0 robe (worn)
 r - a +1 hat (worn)
Jewellery
 d - an amulet of guardian spirit (around neck)
 A - a +2 ring of intelligence (left claw)
Wands
 t - a wand of paralysis (14)
 z - a wand of polymorph (6)
Scrolls
 c - 2 scrolls of fear {unknown}
 g - 5 scrolls of amnesia {unknown}
 h - 4 scrolls of remove curse {unknown}
 k - 6 scrolls of identify {unknown}
 n - 3 scrolls of enchant armour {unknown}
 o - 2 scrolls of immolation {unknown}
 p - 3 scrolls of teleportation {unknown}
 s - a scroll of fog {unknown}
 x - a scroll of random uselessness {unknown}
 y - a scroll of torment {unknown}
Potions
 e - a potion of brilliance
 i - 2 potions of agility
 m - 2 potions of degeneration
Comestibles
 w - 4 rations


   Skills:
 + Level 2.9 Fighting
 + Level 3.4 Dodging
 * Level 6.1 Unarmed Combat
 + Level 2.5 Spellcasting
 * Level 4.2 Transmutations


You had 8 spell levels left.
You knew the following spells:

 Your Spells              Type           Power        Failure   Level  Hunger
a - Beastly Appendage     Tmut           ##....       4%          1    #......
b - Spider Form           Tmut/Pois      #.........   32%         3    ###....

Your spell library contained the following spells:

 Spells                   Type           Power        Failure   Level  Hunger
 Sticks to Snakes         Tmut           ##......     7%          2    ###....
 Summon Small Mammal      Summ           #...         26%         1    #......
 Call Imp                 Summ           #.......     36%         2    ###....
 Call Canine Familiar     Summ           #.......     61%         3    ###....
 Summon Guardian Golem    Hex/Summ       #.......     61%         3    ###....
 Ice Form                 Ice/Tmut       #.......     71%         4    #####..
 Blade Hands              Tmut           ##........   77%         5    ######.
 Summon Ice Beast         Ice/Summ       #.......     95%         4    #####..
 Summon Lightning Spire   Summ/Air       #.......     95%         4    #####..


Dungeon Overview and Level Annotations

Branches:
Dungeon (6/15)
 Temple: D:4-7

Altars:
Gozag

Shops:
D:4 !?%==   D:5 *


Innate Abilities, Weirdness & Mutations

You are too large for most types of armour.
You have claws for hands.
Your metabolism is lightning-fast.
You like to eat raw meat.
Your natural rate of healing is unusually fast.
You are covered in fur. (AC +1)
You have extremely tough skin. (AC +3)


Message History

You feel very mighty all of a sudden.
The gnoll sergeant hits you but does no damage.
The gnoll hits you but does no damage. Something hits you.
* * * LOW HITPOINT WARNING * * *
It was a potion of flight.
You feel very buoyant.
You fly up into the air.
The gnoll sergeant hits you from afar with a +1 spear of freezing!
* * * LOW HITPOINT WARNING * * *
The gnoll sergeant freezes you.
The gnoll hits you from afar with a +0 spear.
* * * LOW HITPOINT WARNING * * *
Something hits you.
* * * LOW HITPOINT WARNING * * *
You miss something.
* * * LOW HITPOINT WARNING * * *
You feel sick.
The gnoll sergeant hits you from afar with a +1 spear of freezing!
You die...
Your body crumbles into a pile of gold.

#.# ### #.# ##.##
###.####.#.##
........###.#####
##...###.#.###..
#.....###.## #.#
##...##
#.####.### ##.##
#......$.# #.#
######.#@# # #.#
###.#{#.## #+
#...gog..#
#.#..g...#
#.###.##.# # #.#
.# #.# # ... #.#


You could see a gnoll sergeant, 2 gnolls and an orc.

Vanquished Creatures
  Grinder (D:6)
  An orc warrior (D:6)
  A phantom (D:5)
  2 ogres (D:4)
  A bullfrog (D:6)
  A scorpion (D:4)
  A crimson imp (D:5)
  A jelly (D:3)
  2 orc priests
  4 orc wizards
  An iguana (D:5)
  3 worker ants
  A hound zombie (D:6)
  2 hound skeletons
  2 gnolls (D:6)
  A howler monkey skeleton (D:4)
  7 adders
  A shadow imp (D:5)
  3 worms
  4 leopard geckos
  9 orcs
  2 giant cockroaches (D:1)
  16 goblins
  6 hobgoblins
  17 jackals
  A quokka (D:2)
  3 ball pythons
  9 bats
  7 frilled lizards
  A giant cockroach zombie (D:6)
  5 kobolds
  A leopard gecko zombie (D:4)
  2 rats
119 creatures vanquished.

Notes
Turn   | Place    | Note
-------+----------+-------------------------------------------
     0 | D:1      | Emblim88 the Troll Transmuter began the quest for the Orb.
     0 | D:1      | Reached XP level 1. HP: 18/18 MP: 1/1
   166 | D:1      | Reached XP level 2. HP: 26/26 MP: 2/2
   846 | D:2      | Reached skill level 1 in Fighting
   859 | D:2      | Found an opulent altar of Gozag.
   912 | D:2      | Became a worshipper of Gozag Ym Sagoz the Greedy
   940 | D:2      | Reached XP level 3. HP: 30/33 MP: 4/4
  1094 | D:2      | Reached XP level 4. HP: 33/41 MP: 5/5
  1418 | D:3      | Reached skill level 4 in Unarmed Combat
  1427 | D:3      | Found a faded altar of an unknown god.
  1487 | D:3      | Reached XP level 5. HP: 44/48 MP: 6/6
  2017 | D:3      | Reached XP level 6. HP: 49/57 MP: 7/7
  2294 | D:4      | Found Xulillot's Jewellery Boutique.
  2298 | D:4      | Bought an uncursed amulet of guardian spirit for 420 gold
                  | pieces
  2307 | D:4      | Found Acoagh's Food Emporium.
  2316 | D:4      | Bought a ration for 60 gold pieces
  2482 | D:4      | Found Musets's Jewellery Boutique.
  2507 | D:4      | Found Erob's Magic Scroll Shoppe.
  2673 | D:4      | Reached skill level 5 in Unarmed Combat
  2673 | D:4      | Reached XP level 7. HP: 36/65 MP: 4/9
  2731 | D:4      | Found Dimpuhef's Distillery.
  3058 | D:4      | Bought a ration for 60 gold pieces
  3069 | D:5      | Entered Level 5 of the Dungeon
  3182 | D:5      | Found Lilaiziv's General Store.
  3535 | D:4      | Bought a ration for 60 gold pieces
  3535 | D:4      | Bought a ration for 60 gold pieces
  3603 | D:6      | Learned a level 3 spell: Spider Form
  3666 | D:6      | Noticed Grinder
  3676 | D:6      | Killed Grinder
  3676 | D:6      | Reached XP level 8. HP: 61/74 MP: 8/10
  3731 | D:6      | Reached skill level 6 in Unarmed Combat
  4001 | D:6      | HP: 1/74 [something (3)]
  4002 | D:6      | Mangled by a gnoll sergeant

Levels and vault maps discovered:
D:1:      dpeg_arrival_leaves_temple_mockup, layout_basic,
          chequers_serial_rivers_small_3
D:2:      layout_basic, grunt_gozag_breadcrumbs
D:3:      minmay_general_purpose_star, layout_basic,
          chequers_ecumenical_altar_island
D:4:      layout_basic, gammafunk_temple_overflow_pools, serial_shops, shop,
          nicolae_shop_competitors_out_of_business, shop_fountains, shop, shop
D:5:      layout_rooms, serial_shops, shop, first_ration
D:6:      layout_loops_corners, uniq_grinder

Skill      XL: |  1  2  3  4  5  6  7  8 |
---------------+-------------------------+-----
Fighting       | 1 2 |  2.9
Dodging        | 2 3 |  3.4
Transmutations | 2 3 4 |  4.2
Unarmed Combat | 4 5 6 |  6.1
Spellcasting   | 2 |  2.5

Action                   |  1- 3 |  4- 6 |  7- 9 || total
-------------------------+-------+-------+-------++-------
Melee: Unarmed           |    70 |   181 |   136 ||   387
       Punch             |     3 |     2 |       ||     5
  Use: Potion            |       |       |     9 ||     9
 Stab: Distracted        |       |       |     1 ||     1
       Sleeping          |       |       |     1 ||     1
  Eat: Chunk             |     6 |       |       ||     6
       Ration            |     1 |     3 |     4 ||     8
Armor: Robe              |    36 |    78 |    58 ||   172
Dodge: Dodged            |    55 |   107 |    74 ||   236
